Cogmind - Beta 13 @@@ ROGUE MODE // 2024.04.07 @ 15:14:05 Player: Cwaftwer Result: Destroyed by S-10 Pest with Light Assault Rifle Performance ------------- Evolutions (0) 0 Regions Visited (4) 800 Robots Destroyed (10) 50 Value Destroyed (223) 223 Prototype IDs (25) 500 Alien Tech Used (0) 0 Bonus (335) 335 TOTAL SCORE: 1908 Bonus ------- Follower Combat Kills 35 Aligned with FarCom 300 Cogmind --------- Core Integrity 0/250 Matter 285/300 Energy 100/100 System Corruption 1% Temperature Cool (0) Movement Core (50) Location -9/Mines Parts ------- > --- POWER (1) -------- (None) > --- PROPULSION (2) --- (None) > --- UTILITY (2) ------ Modified TNC Weapon Shielding > --- WEAPON (2) ------- Light Assault Rifle Light Assault Rifle > --- INVENTORY (5) ---- Superbattery (1500) Large Matter Pod (150) ECM Suite Peak State ------------ > --- POWER ------------ (None) > --- PROPULSION ------- (None) > --- UTILITY ---------- Modified TNC > --- WEAPON ----------- Latent Energy Streamer Light Assault Rifle > --- INVENTORY -------- Small Storage Unit High-capacity Battery ECM Suite Weapon Shielding Light Assault Rifle [Rating: 17] Favorites ----------- Power Light Ion Engine Engine Light Ion Engine Propulsion None Utility Seismic Detector Device Seismic Detector Storage Small Storage Unit Processor Modified TNC Protection Light Armor Plating Weapon Light Assault Rifle Energy Cannon Latent Energy Streamer Ballistic Gun Light Assault Rifle Launcher Grenade Launcher Build | -11 -10 -10 -10 -9 ------- Run | Yrd Mat Min Exi Min Slots Evolved . | . . . . . Power . | . . . . . Propulsion . | . . . . . Utility . | . . . . . Weapon . | . . . . . Parts Attached 22 | 5 7 5 3 2 Power 3 | 2 1 . . . Engine 3 | 2 1 . . . Core . | . . . . . Reactor . | . . . . . Propulsion . | . . . . . Treads . | . . . . . Leg . | . . . . . Wheel . | . . . . . Hover . | . . . . . Flight . | . . . . . Utility 10 | 2 3 2 2 1 Device 2 | . 1 1 . . Storage 3 | 2 . . 1 . Processor 1 | . . . 1 . Hackware . | . . . . . Protection 4 | . 2 1 . 1 Artifact . | . . . . . Weapon 9 | 1 3 3 1 1 Energy Gun . | . . . . . Energy Cannon 1 | . . . 1 . Ballistic Gun 7 | 1 2 3 . 1 Ballistic Cannon . | . . . . . Launcher 1 | . 1 . . . Special Weapon . | . . . . . Impact Weapon . | . . . . . Slashing Weapon . | . . . . . Piercing Weapon . | . . . . . Special Melee Weapon . | . . . . . Unidentified Prototypes 3 | . . . 3 . Parts Lost 6 | . 2 4 . . Power 1 | . . 1 . . Propulsion . | . . . . . Utility 2 | . . 2 . . Weapon 3 | . 2 1 . . Highest Loss Streak 2 | . 2 2 . . To Critical Strikes . | . . . . . Average Slot Usage (%) 25 | . 18 25 28 35 Device 5 | . 2 12 . . Processor 4 | . . . 9 14 Protection 1 | . 4 . . 2 Ballistic Gun 13 | . 7 11 18 18 Naked Turns 3 | . 3 . . . Heaviest Build 7 | 3 7 4 2 3 Greatest Support 3 | 3 3 3 3 3 Greatest Overweight (x) 2 | . 2 1 . . Average Overweight (x) . | . . . . . Largest Inventory Capacity 8 | 8 5 5 5 5 Average Capacity 5 | 5 5 5 5 5 Most Carried 5 | 2 5 5 5 5 Average Carried 3 | 1 3 3 4 4 Final Capacity 5 | 5 5 5 5 5 Final Carried 5 | 2 5 5 5 3 Class Distribution -------------------- 100% | Mutant Dominant Class ---------------- Mutant | -10/Materials Mutant | -10/Mines Mutant | -10/Exiles Mutant | -9/Mines Resources | -11 -10 -10 -10 -9 ----------- Run | Yrd Mat Min Exi Min Matter Collected 574 | 205 101 195 60 13 Remotely . | . . . . . Salvage Created 233 | . 125 95 . 13 Parts 13 | . 7 6 . . Haulers Intercepted . | . . . . . Recyclers Shooed . | . . . . . Parts Field Recycled . | . . . . . Retrieved Matter . | . . . . . Parts Self-Destructed . | . . . . . Prevented . | . . . . . Kills | -11 -10 -10 -10 -9 ------- Run | Yrd Mat Min Exi Min Combat Hostiles Destroyed 9 | . 5 3 . 1 Melee 1 | . 1 . . . Guns 7 | . 3 3 . 1 AOE 1 | . 1 . . . Classes Destroyed 3 | . 3 . . . Worker 1 | . 1 . . . Swarmer 5 | . 3 1 . 1 Grunt 4 | . 2 2 . . Best Kill Streak 3 | . 3 1 . 1 Combat Bots Only 3 | . 3 1 . 1 Max Kills in Single Turn 1 | . 1 1 . 1 Gunslinging . | . . . . . Exploded 1 | . 1 . . . Melee 1 | . 1 . . . Uniques/NPCs Destroyed . | . . . . . Combat | -11 -10 -10 -10 -9 -------- Run | Yrd Mat Min Exi Min Hostile Shots Fired 87 | . 32 48 . 7 Missed 19 | . 7 12 . . Damage Taken 773 | . 304 410 . 59 Core 252 | . 80 145 . 27 Absorbed by Shields . | . . . . . Redirected to Shielding 8 | . . . . 8 Core Remaining (%) 100 | 100 . . . . Volleys Fired 59 | . 26 29 . 4 Largest 2 | . 1 2 . 2 Hottest 40 | . 30 40 . 40 Shots Fired 69 | . 26 35 . 8 Gun 65 | . 22 35 . 8 Cannon . | . . . . . Launcher 4 | . 4 . . . Special . | . . . . . Kinetic 65 | . 22 35 . 8 Thermal . | . . . . . Explosive 4 | . 4 . . . Electromagnetic . | . . . . . Robot Hit Streak 12 | . 8 12 . 2 Robot Miss Streak 4 | . 2 4 . 2 Penetration Max . | . . . . . Secondary Targets 1 | . . 1 . . Max Gunslinging Chain 1 | . . 1 . . Shots Hit Robots 44 | . 16 24 . 4 Core Hits 20 | . 11 8 . 1 Critical Kills . | . . . . . Critical Parts Destroyed . | . . . . . Critical Strikes . | . . . . . Melee Attacks . | . . . . . Impact . | . . . . . Slashing . | . . . . . Piercing . | . . . . . Sneak Attacks . | . . . . . Combat Hostiles . | . . . . . Follow-up Attacks . | . . . . . Damage Inflicted 784 | . 485 263 . 36 Guns 467 | . 168 263 . 36 Cannons . | . . . . . Explosions 267 | . 267 . . . Melee . | . . . . . Ramming 50 | . 50 . . . Kinetic 467 | . 168 263 . 36 Thermal . | . . . . . Explosive 267 | . 267 . . . Electromagnetic . | . . . . . Impact . | . . . . . Slashing . | . . . . . Piercing . | . . . . . Highest Corruption 1 | . 1 1 1 1 Average Corruption 1 | . 1 1 1 1 Corruption Purged . | . . . . . Corruption Blocked . | . . . . . Effects 5 | . 1 3 1 . Matter Fused 2 | . 1 1 . . Heat Flow Errors 1 | . . 1 . . Energy Discharges 1 | . . 1 . . Data Loss (major) 1 | . . . 1 . Overload Shots . | . . . . . Overflow Damage . | . . . . . Projectiles . | . . . . . Explosions . | . . . . . Melee . | . . . . . Knockbacks 1 | . 1 . . . Impact 1 | . 1 . . . Kinetic . | . . . . . Secondary . | . . . . . Self-Inflicted Damage 46 | . 46 . . . Shots 1 | . 1 . . . Rammed 11 | . 11 . . . Targets Rammed 11 | . 11 . . . Kicked . | . . . . . Crushed . | . . . . . Highest Temperature 111 | . 5 111 . . Average Temperature 25 | . 5 26 . . Received Heat Transfer 276 | . 99 177 . . Siege Activations . | . . . . . Robots Corrupted . | . . . . . Combat Hostiles . | . . . . . Parts Fried . | . . . . . Impact Corruptions . | . . . . . Robots Melted . | . . . . . Combat Hostiles . | . . . . . Parts Melted . | . . . . . Heat Transferred . | . . . . . Parts Sabotaged . | . . . . . Parts Stolen . | . . . . . Parts Stripped . | . . . . . Power Chain Reactions . | . . . . . Alert | -11 -10 -10 -10 -9 ------- Run | Yrd Mat Min Exi Min Peak Influence 209 | . 164 209 . 60 Initial 63 | . . 63 . . Average 92 | . 98 123 . 4 Maximum Alert Level 1 | . . 1 . . Low Security (%) 88 | 100 100 76 . 100 Level 1 11 | . . 23 . . Level 2 . | . . . . . Level 3 . | . . . . . Level 4 . | . . . . . Level 5 . | . . . . . High Security . | . . . . . Max Security . | . . . . . Squads Dispatched . | . . . . . Investigation . | . . . . . Extermination . | . . . . . Reinforcement . | . . . . . Assault . | . . . . . Garrison . | . . . . . Intercept . | . . . . . Searches Triggered . | . . . . . Construction Impeded . | . . . . . Haulers Reinforced . | . . . . . Active Scanning Responses . | . . . . . Cargo Convoy Interrupts . | . . . . . Stealth | -11 -10 -10 -10 -9 --------- Run | Yrd Mat Min Exi Min Distress Signals . | . . . . . Communications Jammed . | . . . . . Distress Signals . | . . . . . Times Spotted 19 | . 6 9 . 4 Peak Tracking Total 3 | . 3 3 . 3 Tactical Retreats 2 | . . 1 . 1 Traps | -11 -10 -10 -10 -9 ------- Run | Yrd Mat Min Exi Min Traps Triggered . | . . . . . Indirectly . | . . . . . Trap Hack Attempts . | . . . . . Triggered . | . . . . . Disarmed . | . . . . . Reprogrammed . | . . . . . Reused . | . . . . . Traps Extracted . | . . . . . Installed . | . . . . . Triggered . | . . . . . Machines | -11 -10 -10 -10 -9 ---------- Run | Yrd Mat Min Exi Min Machines Disabled 1 | . 1 . . . Max in Single Turn 1 | . 1 . . . Machines Repaired . | . . . . . Machines Dismantled . | . . . . . Machines Sabotaged . | . . . . . Overloaded Fab Kills . | . . . . . Hacking | -11 -10 -10 -10 -9 --------- Run | Yrd Mat Min Exi Min Machines Accessed 9 | . 4 . 5 . Terminals 4 | . 4 . . . Fabricators . | . . . . . Repair Stations . | . . . . . Recycling Units . | . . . . . Scanalyzers . | . . . . . Garrison Access . | . . . . . Total Hacks 65 | . 15 . 50 . Successful 61 | . 11 . 50 . Failed 4 | . 4 . . . Catastrophic . | . . . . . Database Lockouts . | . . . . . Manual 2 | . . . 2 . Terminals 15 | . 15 . . . Fabricators . | . . . . . Repair Stations . | . . . . . Recycling Units . | . . . . . Scanalyzers . | . . . . . Garrison Access . | . . . . . Terminal Hacks 61 | . 11 . 50 . Record 52 | . 3 . 49 . Prototype ID Bank 1 | . 1 . . . Recycling Unit Index 1 | . 1 . . . Alert Level 2 | . 2 . . . Locate Traps 2 | . 2 . . . Dispatch Records 1 | . 1 . . . Zone Layout 1 | . 1 . . . Derelict Proto ID Bank 1 | . . . 1 . Fabricator Hacks . | . . . . . Repair Station Hacks . | . . . . . Recycling Unit Hacks . | . . . . . Scanalyzer . | . . . . . Garrison Access Hacks . | . . . . . Unauthorized Hacks . | . . . . . Terminals . | . . . . . Fabricators . | . . . . . Repair Stations . | . . . . . Recycling Units . | . . . . . Scanalyzers . | . . . . . Garrison Access . | . . . . . Data Cores Recovered . | . . . . . Used . | . . . . . Hacking Detections 2 | . 2 . . . Full Trace Events . | . . . . . Feedback Events . | . . . . . Feedback Blocked . | . . . . . Robot Schematics Acquired . | . . . . . Robots Built . | . . . . . Authchips . | . . . . . Time . | . . . . . Total Robot Build Rating . | . . . . . Part Schematics Acquired . | . . . . . Parts Built . | . . . . . Authchips . | . . . . . Time . | . . . . . Total Part Build Rating . | . . . . . Parts Repaired . | . . . . . Time . | . . . . . Parts Recycled . | . . . . . Recycled Matter . | . . . . . Retrieved Matter . | . . . . . Retrieved Components . | . . . . . Parts Scanalyzed . | . . . . . Part Schematics Acquired . | . . . . . Parts Damaged . | . . . . . Bothacking | -11 -10 -10 -10 -9 ------------ Run | Yrd Mat Min Exi Min Used RIF Installer . | . . . . . Robots Hacked . | . . . . . Non-combat . | . . . . . Combat . | . . . . . Robot Hacks Applied . | . . . . . Relay Couplers Released . | . . . . . Fabnet Peak Effective % . | . . . . . Robots Rewired . | . . . . . Allies Hacked . | . . . . . Hacks Repelled . | . . . . . Allies | -11 -10 -10 -10 -9 -------- Run | Yrd Mat Min Exi Min Total Allies 3 | . . 3 . . Largest Group 3 | . . 3 . . Highest-Rated Group 40 | . . 40 . . Highest-Rated Ally 16 | . . 16 . . Total Orders . | . . . . . Ally Attacks 15 | . . 15 . . Total Damage 146 | . . 146 . . Kills 5 | . . 5 . . Allies Corrupted . | . . . . . Allies Melted . | . . . . . Intel | -11 -10 -10 -10 -9 ------- Run | Yrd Mat Min Exi Min Robot Analysis Total . | . . . . . Derelict Logs Recovered 1 | . . 1 . . Drone Launches . | . . . . . Drone Recoveries . | . . . . . Exploration | -11 -10 -10 -10 -9 ------------- Run | Yrd Mat Min Exi Min Turns Passed 1189 | 28 292 446 277 146 Spaces Moved 1534 | 37 205 535 513 244 Core 1534 | 37 205 535 513 244 Treads . | . . . . . Legs . | . . . . . Wheels . | . . . . . Hover . | . . . . . Flight . | . . . . . Fastest Speed 50 | 50 50 50 50 50 Average Speed 52 | 50 65 50 50 50 Slowest Speed 150 | 50 150 100 50 50 Overloaded Moves . | . . . . . Propulsion Burnouts . | . . . . . Robots Hopped . | . . . . . Cave-ins Triggered . | . . . . . Exploration Rate (%) 56 | 4 42 93 93 52 Regions Visited 4 Branch Regions 3 Pre-discovered Areas 2 | . . 1 1 . Known Exits Taken . | . . . . . Unknown Exits Taken 4 | 1 1 1 1 . Scrap Searched 2 | . . 2 . . Spaces Dug . | . . . . . Terrain Destroyed 10 | . 10 . . . Melee . | . . . . . Projectile . | . . . . . AOE 10 | . 10 . . . Terrain Rammed . | . . . . . Walls Destroyed . | . . . . . Machines Disabled . | . . . . . Actions | -11 -10 -10 -10 -9 --------- Run | Yrd Mat Min Exi Min Total 1860 | 48 337 678 536 261 Wait 204 | . 80 105 8 11 Move 1530 | 36 204 534 512 244 Hop . | . . . . . Pick Up 19 | 3 6 4 6 . Fast Attach . | . . . . . Attach 20 | 5 6 5 2 2 Detach 9 | 4 3 1 1 . Swap 2 | . 1 . 1 . Drop 6 | . . . 6 . Fire 59 | . 26 29 . 4 Melee . | . . . . . Ram 11 | . 11 . . . Kick . | . . . . . Crush . | . . . . . Escape Stasis . | . . . . . Rewire . | . . . . . Trap . | . . . . . Miscellaneous . | . . . . . Route ------- -11/Scrapyard -10/Materials -10/Mines (discovered 3 exits: [*Mat x2] / *Exi) -10/Exiles -9/Mines (discovered 1 exit: [*Mat]) History --------- Turn | Location | Event 3 | -11/Scrapyard | Discovered new exit (range 15) 29 | -11/Scrapyard | Entered Materials 265 | -10/Materials | Discovered new exit (range 9) 321 | -10/Materials | Entered Mines 330 | -10/Mines | Core integrity fell below 50% 347 | -10/Mines | Build established: Mutant 448 | -10/Mines | Assisted by bots powering up and referring to "LRC-V3" 544 | -10/Mines | Learned location of Storage (-7) 569 | -10/Mines | Discovered new exit (range 5) 624 | -10/Mines | Learned Materials stockpile data 702 | -10/Mines | Discovered new exit (range 11) 727 | -10/Mines | Core integrity fell below 20% 765 | -10/Mines | Deemed a non-threat by the Exiles lab entrance 765 | -10/Mines | Discovered new exit (range 5) 767 | -10/Mines | Entered Exiles 780 | -10/Exiles | Met 8R-AWN 788 | -10/Exiles | Met EX-HEX 805 | -10/Exiles | Met EX-BIN 815 | -10/Exiles | Aligned with FarCom system 816 | -10/Exiles | Given EX-Vault access code 846 | -10/Exiles | Opened EX-Vault 849 | -10/Exiles | Found Prototype Processor 850 | -10/Exiles | Identified Modified TNC 852 | -10/Exiles | Found Prototype Energy Cannon 853 | -10/Exiles | Identified Latent Energy Streamer 858 | -10/Exiles | Found Prototype Storage 859 | -10/Exiles | Identified Superbattery 878 | -10/Exiles | Exiles lab attacked by MAIN.C 899 | -10/Exiles | Learned location of Zion (-6) 1039 | -10/Exiles | Discovered new exit (range 11) 1044 | -10/Exiles | Stole two prototypes: Modified TNC, Superbattery 1044 | -10/Exiles | Entered Mines 1068 | -9/Mines | Discovered new exit (range 8) 1190 | -9/Mines | Destroyed by S-10 Pest with Light Assault Rifle Last Messages --------------- Dropped Sml. Storage Unit. Extracted 30 matter. Acquired Lrg. Matter Pod. G-34 Mercenary destroyed. 8R-AWN: "We've got company!" 8R-AWN: "I'll cover you all, get out of here!" Extracted 30 matter. EXIT=FOUND LOCATION=UNKNOWN GOAL=ESCAPE Receiving FarCom transmissions... J5-HVA: "That was close. Too bad in all the rush we got split up from the others." J5-HVA: "Oh no, it's like what happened to the Exiles when they were wandering homeless, only there's no Warlord to save us!" EXIT=FOUND K-01 Serf collects debris. S-10 Pest destroyed. Acquired 13 matter. Map ----- +----------------------------------------------------+ | ??????????????????????????????????? | | ??????????????????????????????????? | | ??????????????????????????????????? | | ??????????????????????????????????? | | ??????????????????????????????????? | | ??????????????????????????????????? | | ??????????????????????????????????? | | ??????????????????????????????????? | | ??????????????????????????????????? | | ??????????????????????????????????? | | ??????????? ?????????????????????? | | ???????????s #????????????????????? | | ??????????? ####?????????????????? | | ??????????? # ##????????????????? | | ??????????? #????????????????? | | ?????????## ?????????????????? | | ????????## ?????????????????? | | ???????## u ??????????????????? | | ?????### ???????????????????? | | ????## ???????????????????? | | ????# ????????????????????? | | ????# #????????????????????? | | ????# #????????????????????? | | ?????# #????????????????????? | | ????## #????????????????????? | | ????# @ #??????????????#####?? | | ????# ################ ### | | ????## ## | | ?????# ############# ## | | ?????# #???????????# | | ?????# ???????????# | | ?????## #??????????##### | | ??????## ??????????????## | | ???????## ?????????????## | | ????????## ??????????#### | | ?????????##r ##????????## # | | ??????????## ##????????## ## | | ???????????? #?????????# ##? | | ???????????? #?????????# ##?? | | ???????????? #?????????# #??? | | ???????????? #?????????## ##??? | | ???????????? ???????????######???? | | ???????????? ????????????????????? | | ??????????????????????????????????? | | ??????????????????????????????????? | | ??????????????????????????????????? | | ??????????????????????????????????? | | ??????????????????????????????????? | | | | | +----------------------------------------------------+ Best States ------------- Heat Dissipation 25 Energy Generation 10 Energy Capacity 1600 Matter Stores 300 Matter Capacity 300 Sight Range 16 Terrain Scan Density 10 ECM Strength 1 Armor Coverage 150 Weapon Shielding 33 Evasion (%) 50 Item Schematics ----------------- None Robot Schematics ------------------ None Fabricated ------------ Nothing Alien Tech Used ----------------- None Achievements -------------- None Challenges ------------ None Game ------ Seed WeaponEtherialTube Manual? 0 Play Time 00:17:37 Cumulative 13.9 hours Start 2024.04.07 @ 14:57:58 End 2024.04.07 @ 15:14:05 Sessions 1 Manual Loads 0 Difficulty Rogue Special Mode None Game No. 18 Rogue 17 Adventurer 1 Explorer 0 Win Type - Total 0 Types 0/0/0/0/0/0/0/0/0 Lore% 14 Gallery% 22 Achievement% 19 Wizard Run 0 Options --------- Layout 1 ASCII 0 Keyboard 0 Movement Mouse Keybinds 0 Fullscreen 1 Font 24/Smallcaps Map View 50x40 Zoom Use 0% Tactical HUD 0 Map Filters NONE Filters NONE Steam 1 RUN: f68b821d-a109-47de-aac0-c208f5e128bb